cohdb
Replays
Latest Replays
All Replays
Popular Replays
Top Player Replays
Match Explorer
How It Works
Community
CoH3 Stats
Reddit
Sign in to upload your games and track your stats! →
Sign in with Steam
Match 42972603
Unlisted
Match 42972603
Overview
Messages
Build Orders
End
Pioneer Squad
Selects Terror Battlegroup
Construct Infanterie Kompanie
MG 42 Machine Gun Team
Selects Machine Gun Camouflage
MG 42 Machine Gun Team
Grenadier Squad
Selects Interrogate
Construct Luftwaffe Kompanie
Jäger Squad
Jäger Squad
Support Elements
Wirbelwind Flakpanzer
Medical Station
Selects Defend the Fatherland
Wirbelwind Flakpanzer
Jäger Squad
Construct Panzergrenadier Kompanie
Construct Panzergrenadier Kompanie
Pak 40 Anti-tank Gun Team
Side Skirts
Jäger Squad
Pioneer Squad
Nah
BMon
Ludwigz
Lilfuture
0
0
Comments
sign in to comment!
No comments posted yet!